 Dungeon Crawl Stone Soup version 0.19.0-1-g5985abe (webtiles) character file.

1007 varam the Cudgeler (level 8, -8/46 HPs)
             Began as a Gargoyle Fighter on Nov 2, 2016.
             Was a Follower of Makhleb.
             Killed by divine providence
             ... invoked by an orc priest
              (11 damage)
             ... on level 5 of the Dungeon.
             The game lasted 00:11:23 (4901 turns).

varam the Cudgeler (Gargoyle Fighter)               Turns: 4901, Time: 00:11:24

Health: -8/46      AC: 14    Str: 23    XL:     8   Next: 20%
Magic:  8/8        EV:  8    Int:  9    God:    Makhleb [*.....]
Gold:   224        SH: 11    Dex: 11    Spells: 0 memorised, 7 levels left

rFire  . . .     SeeInvis .     a - +0 flail
rCold  . . .     Gourm    .     b - +0 scale mail
rNeg   + . .     Faith    .     v - +0 shield (curse)
rPois  ∞         Spirit   .     (no helmet)
rElec  +         Reflect  .     (no cloak)
rCorr  .         Harm     .     q - +0 pair of gloves (curse)
MR     .....                    D - +0 pair of boots
Stlth  ..........               (no amulet)
                                (no ring)
                                i - +3 ring of strength

@: no status effects
A: negative energy resistance 1, electricity resistance, unbreathing,
petrification resistance, rot immunity, AC +5
a: Renounce Religion


You were on level 5 of the Dungeon.
You worshipped Makhleb.
Makhleb was aware of your devotion.
You were not hungry.

You visited 1 branch of the dungeon, and saw 5 of its levels.
You also visited: Ossuary.

You collected 224 gold pieces.

Inventory:

Hand Weapons
 a - a +0 flail (weapon)
 g - a +0 dagger of venom
Missiles
 e - 7 javelins of penetration (quivered)
 C - 3 javelins
Armour
 b - a +0 scale mail (worn)
 q - a cursed +0 pair of gloves (worn)
 v - a cursed +0 shield (worn)
 B - the +1 helmet of Durridgh {rCorr Dex+3 Slay-3}
   (You took it off Robin on level 3 of the Dungeon)

   It affects your dexterity (+3).
   It affects your accuracy and damage with ranged weapons and melee attacks
   (-3).
   It protects you from acid and corrosion.
 D - a +0 pair of boots (worn)
Jewellery
 i - a +3 ring of strength (left hand)
 l - an uncursed ring of fire {unknown}
 A - an uncursed ring of flight {unknown}
Scrolls
 j - 4 scrolls of identify {unknown}
 k - 3 scrolls of teleportation {unknown}
 p - a scroll of fog {unknown}
 r - 3 scrolls of remove curse {unknown}
 t - 3 scrolls of recharging {unknown}
 u - a scroll of magic mapping {unknown}
 y - a scroll of noise {unknown}
Potions
 d - a potion of might
 m - a potion of curing {unknown}
 s - 2 potions of ambrosia {unknown}
 w - a potion of mutation {unknown}
 x - a potion of degeneration {unknown}
 z - a potion of heal wounds {unknown}
 E - a potion of agility {unknown}
Comestibles
 c - a beef jerky
 f - 4 bread rations
 h - a meat ration
 n - 3 fruits
 o - a slice of pizza
 F - a chunk of flesh


   Skills:
 - Level 3.2 Fighting
 * Level 7.7 Maces & Flails
 - Level 3.2 Armour
 + Level 6.7 Shields
 + Level 0.4 Invocations


You had 7 spell levels left.
You didn't know any spells.

Dungeon Overview and Level Annotations

Branches:
Dungeon (5/15)
 Temple: D:4-7

Altars:
Hepliaklqana
Makhleb
Vehumet


Innate Abilities, Weirdness & Mutations

You are resistant to torment.
Your stone body is resilient. (AC +5)
You are immune to poison.
You resist negative energy. (rN+)
You are resistant to electric shocks. (rElec)
You can survive without breathing.
You are immune to petrification.
You are immune to rotting.


Message History

The orc is heavily wounded.
You block the orc's attack.
A sky beast appears from thin air!
Reactivating autopickup.
You hit the orc.
The orc is severely wounded.
You block the orc's attack.
Your shield and scale mail prevent you from hitting the orc.
The orc is severely wounded.
The orc hits you.
The orc priest mumbles some strange prayers to Beogh against you.
Beogh smites you! The orc closely misses you.
You hit the orc.
You kill the orc!
Makhleb accepts your kill.
The orc priest mumbles some strange prayers to Beogh against you.
Beogh smites you!
* * * LOW HITPOINT WARNING * * *
The orc priest calls down the wrath of Beogh upon you.
Beogh smites you!
You die...

..................#.............#
..................##.......##...#
...........(...... #.#.....##...#
###...####..#.######.#..........÷
#.........#.##...#.#...........
#...........##...#.#####.......
#........#..##...#.# #.......
#...######.oYs.....# #.......
#...# #####@..### #....... #...#
#...# #....... ##### #...#
#....... #...# #....... #...#
#.###### ##### #.#
###############.#
#...............#
#.###############


You could see a sky beast, an orc priest and a giant cockroach.

Vanquished Creatures
  2 phantoms (D:4)
  3 ogres (D:4)
  A scorpion (D:4)
  A bullfrog zombie (D:5)
  2 bullfrog skeletons
  A centaur zombie (Ossuary)
  3 hounds (D:4)
  An orc wizard (D:5)
  A mummy (D:4)
  3 worker ants
  An iguana (D:4)
  Robin (D:3)
  An adder (D:5)
  2 gnolls (D:4)
  4 oozes
  2 worms
  2 dart slugs
  5 leopard geckos
  10 orcs
  A ball python (D:5)
  8 bats
  2 giant cockroaches (D:2)
  6 hobgoblins
  6 jackals
  4 frilled lizards
  16 goblins
  A jackal skeleton (D:4)
  4 kobolds
  2 quokka zombies (D:4)
  15 rats
111 creatures vanquished.

Vanquished Creatures (others)
  A giant cockroach (D:4)
  2 withered plants (Ossuary)
3 creatures vanquished.

Grand Total: 114 creatures vanquished

Notes
Turn   | Place    | Note
-------+----------+-------------------------------------------
     0 | D:1      | varam the Gargoyle Fighter began the quest for the Orb.
     0 | D:1      | Reached XP level 1. HP: 14/14 MP: 1/1
   157 | D:1      | Reached XP level 2. HP: 18/19 MP: 2/2
   916 | D:2      | Reached XP level 3. HP: 23/23 MP: 3/3
   939 | D:2      | Reached skill level 3 in Maces & Flails
  1052 | D:2      | Reached skill level 4 in Shields
  1713 | D:3      | Reached XP level 4. HP: 25/28 MP: 4/4
  1905 | D:3      | Found a hazy altar of Hepliaklqana.
  1905 | D:3      | Found a burning altar of Makhleb.
  1920 | D:3      | Became a worshipper of Makhleb the Destroyer
  2202 | D:3      | Noticed Robin
  2226 | D:3      | Killed Robin
  2260 | D:3      | Got a transparent helmet
  2266 | D:3      | Identified the +1 helmet of Durridgh {rCorr Dex+3 Slay-3} (You took it off Robin on level 3 of the Dungeon)
  2551 | D:4      | Found a radiant altar of Vehumet.
  2595 | D:4      | Reached skill level 4 in Maces & Flails
  2595 | D:4      | Reached XP level 5. HP: 24/32 MP: 5/5
  2640 | D:4      | Found a sand-covered staircase.
  2647 | Ossuary  | Entered an ossuary
  2672 | Ossuary  | HP: 3/32 [bog mummy (3)]
  2682 | D:4      | Reached * piety under Makhleb
  3082 | D:4      | Noticed an ogre
  3088 | D:4      | Killed an ogre
  3088 | D:4      | Reached skill level 5 in Maces & Flails
  3088 | D:4      | Reached skill level 5 in Shields
  3088 | D:4      | Reached XP level 6. HP: 26/37 MP: 6/6
  3237 | D:4      | Noticed a phantom
  3283 | D:4      | Killed a phantom
  3283 | D:4      | Reached skill level 6 in Maces & Flails
  3283 | D:4      | Reached XP level 7. HP: 34/41 MP: 7/7
  3506 | D:4      | Reached skill level 6 in Shields
  4054 | D:4      | Reached skill level 7 in Maces & Flails
  4112 | D:4      | Reached XP level 8. HP: 46/46 MP: 8/8
  4400 | D:5      | Entered Level 5 of the Dungeon
  4900 | D:5      | HP: 3/46 [orc priest/divine providence (15)]
  4901 | D:5      | Killed from afar by an orc priest

Skill      XL: |  1  2  3  4  5  6  7 |
---------------+----------------------+-----
Maces & Flails | 3 4 5 6 7 |  7.7
Shields        | 4 5 6 |  6.7
Fighting       | |  3.2
Armour         | |  3.2
Invocations    | |  0.4

Action                   |  1- 3 |  4- 6 |  7- 9 || total
-------------------------+-------+-------+-------++-------
Melee: Flail             |   114 |   187 |   128 ||   429
       Dagger            |    46 |       |       ||    46
Throw: Javelin           |       |     6 |    14 ||    20
  Use: Potion            |       |     1 |       ||     1
  Eat: Chunk             |     3 |     5 |     6 ||    14
Armor: Scale mail        |    86 |   103 |    60 ||   249
Dodge: Dodged            |    32 |    57 |    44 ||   133
Block: Shield            |    84 |   101 |    76 ||   261
